[Event "*** SCC Grand Prix: Titled Tuesday Blitz"]
[Site "Chess.com"]
[Date "2020.08.04"]
[Round "6"]
[White "StockholmMissile"]
[Black "anpospan"]
[Result "0-1"]
[WhiteElo "2450"]
[BlackElo "2332"]
[TimeControl "180+1"]
[EndTime "14:51:08 PDT"]
[Termination "anpospan won by resignation"]

1. d4 Nf6 2. c4 e6 3. Nf3 c5 4. d5 exd5 5. cxd5 d6 6. Nc3 g6 7. h3 Bg7 8. e4 a6 9. a4 O-O 10. Bd3 Nbd7 11. O-O h6 12. Bf4 Qe7 13. Re1 g5 14.
Bh2 g4 15. hxg4 Nxg4 16. Bg3 Nde5 17. Nxe5 Bxe5 18. Be2 h5 19. Bxg4 hxg4 20. Qd3 Bd7 21. Re3 b5 22. Bxe5 Qxe5 23. Rg3 b4 24. Nd1 Rfe8 25. Re3 f5 26. exf5 Qxf5 27. Qd2 Re5 28. Rg3 Rxd5 29. Qh6 Qg5 30. Qxg5+ Rxg5 31. Ne3 d5 32. a5 d4 33. Nc4 Bb5 34. Nd6 Rd8 35.
Nxb5 axb5 36. a6 Ra8 37. f3 Rg6 38. a7 Rg7 39. Rxg4 Rxg4 40. fxg4 c4 41. Kf2 b3 42. Ke2 c3 43. bxc3 dxc3 44. Kd3 b2 45. Rb1 b4 46.
Kc2 Rxa7 47. Re1 Ra1 0-1

[Event "*** SCC Grand Prix: Titled Tuesday Blitz"]
[Site "Chess.com"]
[Date "2020.08.04"]
[Round "6"]
[White "diablanni"]
[Black "1f3_2g41-0"]
[Result "1-0"]
[WhiteElo "2329"]
[BlackElo "2421"]
[TimeControl "180+1"]
[EndTime "14:51:08 PDT"]
[Termination "diablanni won on time"]

1. e4 c5 2. Nf3 d6 3. Bb5+ Bd7 4. Bxd7+ Qxd7 5. c4 Nf6 6. Nc3 Nc6 7. d4 cxd4 8. Nxd4 g6 9. b3 Bg7 10. Bb2 O-O 11. O-O Ng4 12. Nxc6 bxc6 13. h3 Nf6 14.
Qf3 Qc7 15. Na4 Nd7 16. Bxg7 Kxg7 17. c5 dxc5 18. Nxc5 Ne5 19. Qc3 Kg8 20. Rad1 Rfd8 21. Na6 Qb6 22. Qxe5 Qxa6 23. Qxe7 Re8 24. Qf6 Qxa2 25.
Rd3 Rxe4 26. Rfd1 Rae8 27. Qxc6 Re2 28. Rf3 Qa5 29. Rd7 Re1+ 30. Kh2 Qe5+ 31. g3 Re7 32. Qa8+ Kg7 33. Rxa7 Rxa7 34. Qxa7 Qd5 35. Kg2 g5 36. Qa4 h5 37. Qc4 Qd7 38. Qc3+ Kg6 39. Qxe1 g4 40. hxg4 hxg4 41. Qe4+ Kg7 42. Rf4 Kf8 43. Rxg4 f5 44.
Rf4 1-0

[Event "*** SCC Grand Prix: Titled Tuesday Blitz"]
[Site "Chess.com"]
[Date "2020.08.04"]
[Round "6"]
[White "ElGasanov"]
[Black "Jospem"]
[Result "0-1"]
[WhiteElo "2781"]
[BlackElo "2932"]
[TimeControl "180+1"]
[EndTime "14:51:09 PDT"]
[Termination "Jospem won by resignation"]

1. Nf3 c5 2. c4 Nf6 3. Nc3 e6 4. e3 Be7 5. d4 cxd4 6. exd4 d5 7. c5 O-O 8. Bd3 b6 9. cxb6 axb6 10. O-O Ba6 11.
Nb5 Nc6 12. Re1 Qd7 13. Bf4 Rfc8 14. a3 Na5 15. Ne5 Qe8 16. Qe2 Nb3 17. Rad1 Ne4 18. f3 Nf6 19. g4 Nd7 20. Kh1 Bf8 21. g5 Nxe5 22. Bxe5 Qd7 23. Rg1 Na5 24. Rc1 Nc4 25.
Nc7 Rxc7 26. Bxc7 Qxc7 27. b3 b5 28. a4 Rc8 29. axb5 Bxb5 30. bxc4 dxc4 31. Be4 g6 32. Qe3 Bd6 33. Rc2 Bf4 34. Qa3 Qd8 35. Qb2 Rb8 36.
Qc3 Bxg5 37. d5 exd5 38. Rd1 Bf6 39. Qe1 d4 40. Qg3 d3 41. Rg2 Ba4 42. Rdg1 Be8 43.
Qf4 Rb5 44. h3 Rh5 45. Kh2 Be5 0-1

[Event "*** SCC Grand Prix: Titled Tuesday Blitz"]
[Site "Chess.com"]
[Date "2020.08.04"]
[Round "6"]
[White "ZEN-22"]
[Black "Jenia84"]
[Result "1-0"]
[WhiteElo "2502"]
[BlackElo "2354"]
[TimeControl "180+1"]
[EndTime "14:51:09 PDT"]
[Termination "ZEN-22 won by resignation"]

1. d3 Nf6 2. g3 d5 3. Bg2 g6 4. Nf3 Bg7 5. c4 O-O 6. cxd5 Nxd5 7. O-O c6 8. h4 h6 9. Nc3 Nxc3 10. bxc3 Be6 11. Nd4 Bd7 12. Qb3 Qc8 13. Re1 Na6 14.
Ba3 Re8 15. e4 Nc7 16. Rab1 Rb8 17. e5 Ne6 18. Nxe6 Bxe6 19. c4 Qd7 20. Bc5 b6 21. Be3 c5 22. a4 Bf5 23. Rbd1 Red8 24. d4 cxd4 25. Rxd4 Qc7 26. Rd5 Be6 27. Bf4 Rbc8 28. Rxd8+ Rxd8 29. Bd5 Qd7 30. Rd1 Bg4 31. Bf3 Qxd1+ 32.
Bxd1 Rxd1+ 33. Kg2 Rd7 34. Qe3 Kh7 35. f3 Be6 36. g4 Bxc4 37. h5 Rd3 38. Qe4 b5 39. axb5 Bxb5 40. hxg6+ fxg6 41. Kg3 a6 42. e6 Bf6 43.
Be5 Kg7 44. Bxf6+ Kxf6 45. Qf4+ Kxe6 46. Qxh6 Kf7 47. Qh7+ Kf6 48. Qh8+ Kf7 49. Qc8 Kg7 50. Qc5 Kf7 51. Kf4 Rd6 52. Kg5 Rf6 53. f4 Bc6 54. Qc4+ Kg7 55. Qxa6 Kf7 56. Qc4+ Kg7 57. Qe2 Kf7 58. Qe5 Bd7 59. Qd5+ Be6 60. Qd4 Ba2 61. Kh4 Be6 62. Qe4 Ba2 63. Qa8 Be6 64. Qb8 Ba2 65. Kg3 Be6 66. Qh8 Ba2 67. Qh7+ Ke8 68. f5 gxf5 69. g5 Rf7 70. Qg8+ Rf8 71. Qxa2 1-0

[Event "*** SCC Grand Prix: Titled Tuesday Blitz"]
[Site "Chess.com"]
[Date "2020.08.04"]
[Round "6"]
[White "Robert_Chessmood"]
[Black "German_Bazeev"]
[Result "1/2-1/2"]
[WhiteElo "2954"]
[BlackElo "2745"]
[TimeControl "180+1"]
[EndTime "14:51:11 PDT"]
[Termination "Game drawn by repetition"]

1. e4 Nf6 2. e5 Nd5 3. Nc3 Nxc3 4. dxc3 d6 5. Nf3 Nc6 6. Bf4 dxe5 7. Qxd8+ Nxd8 8.
Nxe5 f6 9. Nd3 e5 10. Be3 Bd6 11. f4 e4 12. Nc5 f5 13. Bc4 b6 14. Nb3 Be6 15. Be2 Bd7 16. a4 a5 17. Nd2 Ne6 18. g3 Bc5 19. Nf1 O-O-O 20. Bc4 Bxe3 21. Nxe3 Nc5 22.
b3 c6 23. O-O-O Kc7 24. Rd2 Bc8 25. Rhd1 Rxd2 26. Rxd2 g6 27. h3 Be6 28. Be2 h5 29. h4 Rd8 30. Rxd8 Kxd8 31. Kd2 Kd7 32. Bc4 Kd6 33.
Be2 Nd7 34. b4 c5 35. bxa5 bxa5 36. Bb5 Nb6 37. c4 Bd7 38. Kc3 Nxa4+ 39. Bxa4 Bxa4 40. Kb2 Bc6 41. Kb3 Ke6 42. c3 Kd6 43. Ka3 Kc7 44.
Kb3 Kd6 45. Ka3 Ke7 46. Kb3 Kd6 1/2-1/2

[Event "*** SCC Grand Prix: Titled Tuesday Blitz"]
[Site "Chess.com"]
[Date "2020.08.04"]
[Round "6"]
[White "QuintilianoR"]
[Black "Sanyura"]
[Result "1-0"]
[WhiteElo "2627"]
[BlackElo "2398"]
[TimeControl "180+1"]
[EndTime "14:51:11 PDT"]
[Termination "QuintilianoR won on time"]

1. Nf3 d5 2. e3 c6 3. c4 Nf6 4. Nc3 e6 5. d4 Be7 6. Bd3 O-O 7. O-O dxc4 8. Bxc4 b5 9. Bd3 a5 10. e4 b4 11. Ne2 Nbd7 12. e5 Nd5 13. Ng3 g6 14. Bh6 Re8 15. Ne4 c5 16. Qe2 cxd4 17. Bb5 Bb7 18. Rfd1 Rc8 19. Nd6 Bxd6 20. exd6 Bc6 21. Ba6 e5 22. Bxc8 Qxc8 23. Rac1 Qa8 24. Qc4 Bb7 25.
Re1 N5b6 26. Qd3 e4 27. Qxd4 f6 28. Nd2 Re5 29. Nc4 Nxc4 30. Qxc4+ Bd5 31. Qc7 Qe8 32. Qa7 Rh5 33. Bf4 Rf5 34. Bg3 h5 35. Rc7 Be6 36. Qb7 Bd5 37. Qc8 Qxc8 38. Rxc8+ Kf7 39. Rd8 Ke6 40.
Re8+ Kf7 41. Re7+ Kf8 42. Rxd7 h4 43. Bxh4 Be6 44. Rc7 Rd5 45. Bg3 f5 46. h4 Rd4 47.
Re7 1-0

[Event "*** SCC Grand Prix: Titled Tuesday Blitz"]
[Site "Chess.com"]
[Date "2020.08.04"]
[Round "6"]
[White "GianmarcoVaR"]
[Black "MF1966Idrisov"]
[Result "0-1"]
[WhiteElo "2451"]
[BlackElo "2356"]
[TimeControl "180+1"]
[EndTime "14:51:13 PDT"]
[Termination "MF1966Idrisov won on time"]

1. d4 d6 2. c4 f5 3. g3 e6 4. Bg2 Nf6 5. Nh3 Be7 6. O-O O-O 7. Nc3 e5 8. e4 Nc6 9. dxe5 dxe5 10.
exf5 Bxf5 11. Ng5 h6 12. Nge4 Nxe4 13. Nxe4 Nd4 14. Be3 c6 15. f4 Qd7 16. fxe5 c5 17. Nc3 Nc2 18. Qxd7 Bxd7 19. Rxf8+ Rxf8 20. Rd1 Bg4 21. Rd3 Ne1 22. Rd2 Nxg2 23. Kxg2 Bf3+ 24. Kg1 Bc6 25. Nd5 Re8 26. Nc7 Rc8 27. Ne6 b6 28. h4 Kf7 29. Nf4 Rd8 30. h5 Rxd2 31. Bxd2 Bg5 32.
e6+ Ke7 33. Nd5+ Kxe6 34. Bxg5 hxg5 35. Nc7+ Kf5 36. Kf2 Bd7 37. Nd5 Ke5 38. Ne3 Be6 39. b3 Kd4 40. Ke2 Kc3 41. g4 Kb2 42. Nf5 Kxa2 43. Kf3 Kxb3 44. Nxg7 Bg8 45. h6 a5 46. Ne8 Bh7 47. Nf6 Bg6 0-1

[Event "*** SCC Grand Prix: Titled Tuesday Blitz"]
[Site "Chess.com"]
[Date "2020.08.04"]
[Round "6"]
[White "Koksik_13"]
[Black "Guenplen"]
[Result "1/2-1/2"]
[WhiteElo "2616"]
[BlackElo "2839"]
[TimeControl "180+1"]
[EndTime "14:51:14 PDT"]
[Termination "Game drawn by repetition"]

1. d4 d5 2. Nc3 Nf6 3. Bf4 a6 4. e3 b5 5. Nf3 e6 6. a3 Bb7 7.
Bd3 c5 8. dxc5 Bxc5 9. O-O O-O 10. Qe2 Nbd7 11. Rad1 Qb6 12. e4 dxe4 13. Nxe4 Nxe4 14. Bxe4 Bxe4 15. Qxe4 Nf6 16. Qe2 Rfd8 17. Bg5 h6 18. Bxf6 gxf6 19. b4 Be7 20. c4 bxc4 21. Qxc4 Rac8 22.
Qf4 Kh7 23. g3 a5 24. bxa5 Qxa5 25. Qe4+ f5 26. Qb7 Rc7 27. Qb1 Rxd1 28. Rxd1 Qxa3 29. Ne5 Bf6 30. Nd7 Bd4 31. Qb5 Qf3 32. Rf1 Bxf2+ 33.
Rxf2 Rc1+ 34. Rf1 Qe3+ 35. Kg2 Qe4+ 36. Kh3 Qg4+ 37. Kg2 Rc2+ 38. Rf2 Qe4+ 39. Kh3 Qg4+ 40. Kg2 Qe4+ 41. Kh3 Qg4+ 42. Kg2 1/2-1/2

[Event "*** SCC Grand Prix: Titled Tuesday Blitz"]
[Site "Chess.com"]
[Date "2020.08.04"]
[Round "6"]
[White "chenxiaoyuer"]
[Black "keepitcool9499"]
[Result "0-1"]
[WhiteElo "2442"]
[BlackElo "2646"]
[TimeControl "180+1"]
[EndTime "14:51:16 PDT"]
[Termination "keepitcool9499 won by checkmate"]

1. e4 e6 2. d4 d5 3. Nd2 c5 4.
Ngf3 Nc6 5. exd5 Qxd5 6. Bc4 Qh5 7. dxc5 Bxc5 8. Ne4 Nf6 9. Ng3 Bxf2+ 10. Kxf2 Qc5+ 11. Be3 Qxc4 12. h3 Nd5 13. Nd2 Qb4 14. Nde4 Nxe3 15.
Kxe3 Qb6+ 16. Ke2 O-O 17. Qd3 Qd4 18. c3 Qxd3+ 19. Kxd3 b6 20. Kc2 Bb7 21. Rad1 Rad8 22. Nd6 Ba6 23. b4 Ne5 24. b5 Bc8 25. Nge4 h6 26. c4 a6 27. a4 axb5 28. axb5 f5 29. Nc3 Rd7 30. Na4 Rfd8 31. Nxc8 Rxc8 32. Nxb6 Rxd1 33.
Rxd1 Rb8 34. Rd6 Kf7 35. Nd7 Nxc4 36. Rc6 Rd8 37. Rc7 Ke8 38. Rxc4 Kxd7 39. b6 Rb8 40. Rb4 Kc6 41. Kd3 Rxb6 42. Rc4+ Kd6 43. Rc8 Rb7 44. Kd4 Rd7 45. Kc4 Rc7+ 46. Rxc7 Kxc7 47. Kc5 Kd7 48.
Kd4 Kd6 49. Ke3 e5 50. Kf3 Ke6 51. Ke3 Kf6 52. Kf3 g5 53. Ke3 e4 54. Ke2 Ke5 55. Ke3 f4+ 56. Ke2 e3 57. Kf3 h5 58.
Ke2 g4 59. hxg4 hxg4 60. g3 Ke4 61. gxf4 Kxf4 62. Ke1 Kf3 63. Kf1 g3 64. Ke1 g2 65.
Kd1 g1=Q+ 66. Kc2 e2 67. Kc3 e1=Q+ 68. Kc4 Qgf2 69. Kd5 Qfd2+ 70. Kc6 Qec1+ 71. Kb7 Qdb2+ 72. Ka8 Qca1# 0-1

[Event "*** SCC Grand Prix: Titled Tuesday Blitz"]
[Site "Chess.com"]
[Date "2020.08.04"]
[Round "6"]
[White "ChronicUnhappiness"]
[Black "BlackBoarder"]
[Result "0-1"]
[WhiteElo "2380"]
[BlackElo "2554"]
[TimeControl "180+1"]
[EndTime "14:51:17 PDT"]
[Termination "BlackBoarder won on time"]

1. d4 e6 2. c4 Nf6 3. Nc3 Bb4 4. Bd2 c5 5. dxc5 Bxc5 6. Nf3 Nc6 7. g3 Qb6 8. e3 Qxb2 9. Na4 Qa3 10. Nxc5 Qxc5 11. Qc2 O-O 12. Bg2 d5 13. Rc1 dxc4 14.
Qxc4 Qxc4 15. Rxc4 Bd7 16. O-O Rac8 17. Rfc1 Rfd8 18.
Bc3 Nd5 19. Bb2 f6 20. Nd4 Ncb4 21. a3 Nd3 22. Rxc8 Rxc8 23. Rxc8+ Bxc8 24. Bxd5 exd5 25.
Bc3 Bd7 26. f3 Kf7 27. Nc2 Ke6 28. Ne1 Ne5 29. Kf2 Nc4 30. Bb4 a5 31. Bc3 Nxa3 32.
Bxa5 Nc4 33. Bc3 Kd6 34. Nd3 Bf5 35. Nb2 Ne5 36. Ke2 Kc5 37. g4 Bg6 38. h3 b5 39.
f4 Nc6 40. f5 Bf7 41. Nd3+ Kc4 42. Ba1 b4 43. Kd2 Kb3 44. Nc1+ Ka3 45. Kc2 Na5 46. Bb2+ Ka4 47. Nd3 Nc4 48. Bc1 Kb5 0-1

[Event "*** SCC Grand Prix: Titled Tuesday Blitz"]
[Site "Chess.com"]
[Date "2020.08.04"]
[Round "6"]
[White "CookiesAndIceCream"]
[Black "KatarinaOstojic"]
[Result "1/2-1/2"]
[WhiteElo "2401"]
[BlackElo "2217"]
[TimeControl "180+1"]
[EndTime "14:51:19 PDT"]
[Termination "Game drawn - insufficient material"]

1. e4 c5 2. Nf3 d6 3. d4 cxd4 4. Nxd4 Nf6 5. Nc3 a6 6. Be3 e5 7. Nb3 Be6 8. f3 Be7 9. Qd2 O-O 10. O-O-O a5 11. a4 Nc6 12. g4 Nb4 13. g5 Nh5 14. Bb5 f5 15. h4 fxe4 16. fxe4 Rc8 17. Kb1 d5 18. exd5 Bf5 19. Rc1 Ng3 20. Rhe1 Ne4 21. Nxe4 Bxe4 22. Bb6 Bxc2+ 23. Rxc2 Qxb6 24. Rxc8 Rxc8 25. Rxe5 Qg1+ 26. Re1 Qg3 27. Qe3 Qxe3 28. Rxe3 Bd6 29. Nxa5 Bf4 30. Re8+ Rxe8 31. Bxe8 Nxd5 32. Nxb7 Nc7 33.
Bc6 Bg3 34. h5 Bf4 35. g6 hxg6 36. hxg6 Kf8 37. a5 Ke7 38. b4 Be3 39. b5 Kf6 40. b6 Bxb6 41. axb6 Na8 42. Be4 Nxb6 43. Kc2 Nd7 44.
Nd6 Ne5 45. Ne8+ Kg5 46. Nxg7 Nxg6 47. Nf5 Nf4 48. Nd6 Ne6 49. Kd2 Kf4 50. Bd5 Ke5 51. Bxe6 Kxd6 1/2-1/2

[Event "*** SCC Grand Prix: Titled Tuesday Blitz"]
[Site "Chess.com"]
[Date "2020.08.04"]
[Round "6"]
[White "RaunakSadhwani2005"]
[Black "Eternauta2400"]
[Result "1/2-1/2"]
[WhiteElo "2938"]
[BlackElo "2536"]
[TimeControl "180+1"]
[EndTime "14:51:21 PDT"]
[Termination "Game drawn by repetition"]

1. d4 Nf6 2. Bf4 d5 3. e3 c5 4. c3 Nc6 5. Nd2 e6 6. Ngf3 cxd4 7. exd4 Nh5 8. Be3 Bd6 9. g3 f5 10. Ne5 Nf6 11. Nd3 O-O 12. Be2 Bd7 13. Nf3 Ne4 14. Bf4 Qe7 15. Bxd6 Nxd6 16. Nfe5 Nxe5 17. Nxe5 Nf7 18. Nd3 Bb5 19. Nf4 Bxe2 20. Qxe2 Rfe8 21. O-O Qd6 22. Rad1 Re7 23. Nd3 Rae8 24. Qc2 g5 25. Rfe1 g4 26. Ne5 Ng5 27. Qd2 Qxe5 28. Qxg5+ Qg7 29.
Qf4 Qg6 30. Re5 Kf7 31. Rde1 h6 32. Qe3 Qg5 33. Qe2 h5 34. c4 dxc4 35. Qxc4 h4 36. d5 hxg3 37. dxe6+ Kg6 38. fxg3 Rd8 39. R5e2 Rd2 40.
Qc5 Rxe2 41. Rxe2 a6 42. Kg2 Kf6 43. Qd4+ Kg6 44. a4 Qc1 45. Qd5 Qc6 46. Qxc6 bxc6 47. h4 gxh3+ 48. Kxh3 Kf6 49. Rc2 Rxe6 50. Rc5 Kg5 51.
Ra5 Re2 52. Rxa6 Rxb2 53. Rxc6 Ra2 54. Rc4 Ra3 55. Kg2 Ra2+ 56. Kf3 Ra3+ 57. Kf2 Ra2+ 58.
Kf3 Ra3+ 59. Kg2 Ra2+ 60. Kh3 Ra3 61. Rd4 Ra2 62. Rf4 Ra3 63. Rc4 Ra2 64. Rd4 Ra3 65. Kg2 Ra2+ 66. Kf1 Ra1+ 67. Ke2 Ra3 68. Kf2 Ra2+ 69. Kg1 Ra1+ 70. Kg2 Ra2+ 71. Kh3 Ra3 72. Rb4 Ra2 73. Rf4 Ra3 74. Kg2 Ra2+ 75. Kf1 Ra3 76. Kg2 Ra2+ 77. Kh3 1/2-1/2

[Event "*** SCC Grand Prix: Titled Tuesday Blitz"]
[Site "Chess.com"]
[Date "2020.08.04"]
[Round "6"]
[White "xberli"]
[Black "Anna_ChessMate"]
[Result "0-1"]
[WhiteElo "2337"]
[BlackElo "2615"]
[TimeControl "180+1"]
[EndTime "14:51:21 PDT"]
[Termination "Anna_ChessMate won by resignation"]

1. e4 c6 2. d4 d5 3. e5 c5 4. dxc5 Nc6 5. a3 Nxe5 6. b4 Nf6 7. Nd2 Bg4 8. Ngf3 Nxf3+ 9. Nxf3 a6 10. Bb2 e6 11.
Bd3 Be7 12. O-O O-O 13. Qe2 b6 14. cxb6 Qxb6 15. Bd4 Qb7 16. Qe3 Ne4 17. Ne5 Bf5 18. f3 Nd6 19. Bc5 Bxd3 20. cxd3 Nf5 21. Qf2 Rac8 22.
d4 Rfe8 23. Rfc1 Bg5 24. Re1 a5 25. bxa5 Qa6 26. Bb6 Rc3 27. f4 Bh4 28. g3 Nxg3 29. Re3 Nf5 30. Rxc3 Bxf2+ 31. Kxf2 f6 32. Nf3 Qb5 33.
Rac1 h5 34. Nd2 Qa4 35. Nf3 h4 36. Rb1 e5 37. fxe5 fxe5 38. Nxe5 Nxd4 39. Rb4 Rf8+ 40. Ke3 Nf5+ 41. Kd2 Qe8 42. Nd3 d4 43. Rc7 Qe3+ 44.
Kc2 Qe2+ 45. Kb3 Qxd3+ 46. Ka4 Rf7 47. Rc8+ Kh7 48. Rbc4 Nd6 49. R4c7 Nxc8 50. Rxf7 Nxb6+ 51. axb6 Qc4+ 52. Ka5 Qxf7 53. Ka6 Qc4+ 54. Ka7 Qa4+ 0-1

[Event "*** SCC Grand Prix: Titled Tuesday Blitz"]
[Site "Chess.com"]
[Date "2020.08.04"]
[Round "6"]
[White "TigrVShlyape"]
[Black "12teen"]
[Result "1-0"]
[WhiteElo "2856"]
[BlackElo "2675"]
[TimeControl "180+1"]
[EndTime "14:51:22 PDT"]
[Termination "TigrVShlyape won by resignation"]

1. d4 Nf6 2. Nf3 b6 3. Bf4 Bb7 4. e3 e6 5. Nbd2 d5 6. a4 a6 7.
Ne5 Nbd7 8. Bd3 Bd6 9. Qf3 Qe7 10. c3 c5 11. h4 h6 12. h5 Rc8 13. Qg3 Rg8 14.
Nxd7 Kxd7 15. Be5 Ne8 16. Nf3 f6 17. Bf4 Bxf4 18. exf4 Nd6 19. O-O Ne4 20. Bxe4 dxe4 21. Nh4 cxd4 22. cxd4 Qd6 23. Qe3 Bd5 24. f5 exf5 25.
Nxf5 Qe6 26. Qf4 g5 27. hxg6 Rxg6 28. Rfc1 Rc6 29. Rxc6 Qxc6 30. Ne3 Ke7 31. Qf5 Rg5 32. Qh7+ Bf7 33. Qxh6 Qd7 34. d5 Qc7 35. Qh4 Qe5 36.
Rc1 b5 37. axb5 axb5 38. b4 Kf8 39. Rc8+ Ke7 40. Rc1 Kf8 41. Qh6+ Kg8 42. Rc8+ Be8 43. g3 Qa1+ 44. Kg2 Qe5 45. d6 Qe6 46. Rd8 Rg7 47.
Qh5 Kf8 48. Qh8+ Rg8 49. Qh6+ Rg7 50. Qh5 Rd7 51. Qh8+ Kf7 52. Nf5 Qxf5 53. Qxe8+ Kg7 54. Rxd7+ Kh6 55. Qh8+ Kg5 56. Rg7+ 1-0

[Event "*** SCC Grand Prix: Titled Tuesday Blitz"]
[Site "Chess.com"]
[Date "2020.08.04"]
[Round "6"]
[White "Justinz"]
[Black "shnitez"]
[Result "1-0"]
[WhiteElo "2360"]
[BlackElo "2463"]
[TimeControl "180+1"]
[EndTime "14:51:23 PDT"]
[Termination "Justinz won on time"]

1. e4 c5 2. Nf3 e6 3. d4 cxd4 4. Nxd4 a6 5. c4 Nf6 6. Nc3 Qc7 7. Be2 b6 8. O-O Bb7 9. Qd3 d6 10. b3 Nbd7 11. f3 Be7 12. Be3 O-O 13. Rac1 Rac8 14. Rfd1 Rfe8 15. Bf1 Qb8 16. Qd2 Bd8 17. Qf2 Bc7 18.
g3 Qa8 19. g4 g6 20. Qh4 d5 21. g5 Nh5 22. Bg2 dxc4 23. bxc4 Ne5 24. Na4 Bd8 25. Nb2 Be7 26. Qf2 Ba3 27. Bf1 Rc7 28. Rc2 Rec8 29.
Rdc1 Bxb2 30. Rxb2 b5 31. c5 Rxc5 32. Rxc5 Rxc5 33. Nxe6 Rc8 34. Nc5 Bc6 35. Rd2 b4 36. Bd4 Re8 37. Be2 Nf4 38. Bf1 a5 39. Qe3 Nh5 40. f4 Nd7 41. Bg2 Nxc5 42. Bxc5 a4 43. Rd4 b3 44. axb3 axb3 45. Qxb3 Nxf4 46. Bf3 Ne6 47. Qc4 Nxd4 48. Qxd4 Bxe4 49. Qf6 Bxf3 50. Bd4 1-0

[Event "*** SCC Grand Prix: Titled Tuesday Blitz"]
[Site "Chess.com"]
[Date "2020.08.04"]
[Round "6"]
[White "Marreuh"]
[Black "dosto07"]
[Result "0-1"]
[WhiteElo "2118"]
[BlackElo "2290"]
[TimeControl "180+1"]
[EndTime "14:51:23 PDT"]
[Termination "dosto07 won by resignation"]

1. e4 e5 2. Nf3 Nc6 3. Bc4 Bc5 4. c3 d6 5. d3 Nf6 6. O-O a6 7. Bb3 h6 8. Nbd2 Ba7 9. Re1 O-O 10. Nf1 Re8 11. Ng3 Be6 12. Bxe6 Rxe6 13. Nf5 d5 14. Be3 dxe4 15. dxe4 Bxe3 16. Rxe3 Qxd1+ 17. Rxd1 Kh7 18. Ng3 g6 19. Red3 Kg7 20. h3 Rae8 21. Kf1 R6e7 22.
Nd2 b5 23. f3 Nb8 24. Nb3 Rd7 25. Nc5 Rxd3 26. Rxd3 Re6 27. Ke2 a5 28. Nf1 b4 29.
cxb4 axb4 30. Rb3 Rb6 31. Ne3 Nc6 32. Nc4 Nd4+ 33. Kd3 Nxb3 34. Nxb3 Ra6 35. Nca5 Nd7 36. Kc4 Rb6 37. Nc5 Nxc5 38. Kxc5 Rd6 39. Nc4 Ra6 40.
Kxb4 Rxa2 41. Kb3 Ra1 42. Nxe5 Rg1 43. Kc4 Rxg2 44. b4 Kf6 45. Nd7+ Kg5 46. Nc5 Kf4 47. Kd5 Kxf3 48. Kc6 Rb2 49. b5 Rc2 50. Kd5 g5 51.
Nd3 Rd2 52. Kd4 Rxd3+ 53. Kxd3 h5 54. Kd4 g4 55. hxg4 hxg4 56. Kc5 g3 57. Kc6 g2 58. Kxc7 g1=Q 59. b6 Qc5+ 60. Kb7 Kxe4 61. Ka7 f5 62.
Ka6 f4 63. b7 Qa3+ 64. Kb6 Qb3+ 65. Kc7 f3 66. b8=Q Qxb8+ 67. Kxb8 f2 0-1

[Event "*** SCC Grand Prix: Titled Tuesday Blitz"]
[Site "Chess.com"]
[Date "2020.08.04"]
[Round "6"]
[White "DariaVoit"]
[Black "crescentmoon2411"]
[Result "0-1"]
[WhiteElo "2533"]
[BlackElo "2773"]
[TimeControl "180+1"]
[EndTime "14:51:25 PDT"]
[Termination "crescentmoon2411 won by resignation"]

1. d4 Nf6 2. Nf3 d5 3. c4 e6 4.
g3 Bb4+ 5. Bd2 Be7 6. Bg2 O-O 7.
O-O c6 8. Qc2 Nbd7 9. Rd1 b6 10.
Bf4 Nh5 11. Bc1 f5 12. b3 Bb7 13.
Ba3 Bxa3 14. Nxa3 Qe7 15. Qb2 Nhf6 16. b4 a5 17. b5 c5 18. Rac1 Rac8 19. dxc5 Rxc5 20.
Nd4 Rfc8 21. cxd5 Rxc1 22. Rxc1 Rxc1+ 23. Qxc1 Nxd5 24. Nc4 N7f6 25. Ne5 h6 26. h3 Kh7 27. Qc4 Qd6 28. Ndc6 Bxc6 29. Nxc6 Nb4 30. Nxb4 axb4 31. Kh2 Kg6 32. Bc6 Kf7 33. Kg2 Ke7 34. e3 Qc5 35. Qd3 Nd5 36. Qd1 Qd6 37. Qa4 Qc5 38.
Qa7+ Kf6 39. Qb8 Kf7 40. Qd8 Ne7 41. Qe8+ Kf6 42. Qf8+ Kg6 43. Be8+ Kh7 44. Bf7 Qd5+ 45. Kh2 Qc5 46. Bg8+ Nxg8 47. Qf7 Nf6 48. Qxe6 Qxb5 49. Kg2 Qd5+ 50. Qxd5 Nxd5 51. Kf3 Nc3 52. e4 fxe4+ 0-1

[Event "*** SCC Grand Prix: Titled Tuesday Blitz"]
[Site "Chess.com"]
[Date "2020.08.04"]
[Round "6"]
[White "JonahWillow"]
[Black "BernardoRoselli"]
[Result "0-1"]
[WhiteElo "2667"]
[BlackElo "2485"]
[TimeControl "180+1"]
[EndTime "14:51:25 PDT"]
[Termination "BernardoRoselli won on time"]

1. e4 e6 2. d4 d5 3. Nd2 a6 4.
Ngf3 c5 5. exd5 exd5 6. Bd3 Qe7+ 7. Be2 Nf6 8. O-O Qd8 9. Re1 Be7 10. dxc5 O-O 11.
Nb3 Nc6 12. c3 Re8 13. Be3 Bg4 14. h3 Bh5 15. Nfd4 Bxe2 16. Qxe2 Ne4 17. Nxc6 bxc6 18. Qg4 g6 19. Bd4 a5 20. a4 Rb8 21. Qd1 Bf8 22. f3 Ng5 23. Rxe8 Qxe8 24. Qd2 Nxh3+ 25. gxh3 Rxb3 26. Re1 Qb8 27. Re2 Qg3+ 28. Rg2 Qxf3 29. h4 h5 30. Qg5 Rb8 31. Qe5 f6 32. Qxb8 Kf7 33. Qc7+ Be7 34. Qg3 Qe4 35. Qf2 Qb1+ 36. Qf1 Qe4 37. Rh2 Qg4+ 38. Qg2 Qd1+ 39. Qf1 Qg4+ 40. Kh1 Qe4+ 41. Qg2 Qe1+ 42. Bg1 Bxc5 43. Qf2 Bxf2 44. Rxf2 Qe4+ 45. Kh2 Qxh4+ 46. Kg2 Qe4+ 47. Kf1 h4 48. Re2 Qf3+ 49. Rf2 Qd3+ 50. Kg2 Qe4+ 51. Kf1 h3 0-1

[Event "*** SCC Grand Prix: Titled Tuesday Blitz"]
[Site "Chess.com"]
[Date "2020.08.04"]
[Round "6"]
[White "ftorodent"]
[Black "Sekar24"]
[Result "0-1"]
[WhiteElo "2650"]
[BlackElo "2474"]
[TimeControl "180+1"]
[EndTime "14:51:26 PDT"]
[Termination "Sekar24 won by resignation"]

1. d4 Nf6 2. c4 e6 3. Nf3 d5 4. Nc3 Bb4 5. Qa4+ Nc6 6. e3 O-O 7. Bd2 Re8 8. a3 Bd6 9. Be2 a6 10. Qc2 dxc4 11. Bxc4 h6 12. O-O e5 13. d5 Ne7 14. e4 c6 15. dxc6 Nxc6 16. Nd5 Bg4 17. Qd3 Rc8 18. Rac1 Bb8 19. Bc3 Ba7 20. h3 Be6 21. Rfd1 Bxd5 22. Bxd5 Nxd5 23. Qxd5 Qf6 24. Qb3 b5 25. Rd5 Nd4 26. Qd1 Nxf3+ 27. Qxf3 Qxf3 28.
gxf3 Bd4 29. Rd6 a5 30. Rd5 b4 31. axb4 axb4 32. Bd2 Rxc1+ 33. Bxc1 Rc8 34. Be3 Bxb2 35. Rb5 Bc3 36. Bc5 b3 37. Ba3 Bd4 38. Rxb3 Rc2 39.
Kg2 Bxf2 40. Rb2 Rxb2 41. Bxb2 Bd4 42. Bxd4 exd4 43. Kf2 f5 44. e5 Kf7 45. Ke2 Ke6 46. f4 g5 47. Kd3 Kd5 0-1

[Event "*** SCC Grand Prix: Titled Tuesday Blitz"]
[Site "Chess.com"]
[Date "2020.08.04"]
[Round "6"]
[White "Alexander_Moskalenko"]
[Black "spicycaterpillar"]
[Result "1-0"]
[WhiteElo "2820"]
[BlackElo "2984"]
[TimeControl "180+1"]
[EndTime "14:51:28 PDT"]
[Termination "Alexander_Moskalenko won on time"]

1. c4 e5 2. Nc3 Nc6 3. Nf3 Nf6 4. d3 h6 5. a3 a6 6. b4 d5 7. cxd5 Nxd5 8. Bb2 Be7 9. e3 O-O 10. Be2 Be6 11. O-O Nxc3 12. Bxc3 f6 13. Qc2 Qd7 14.
Rfd1 Rfd8 15. d4 exd4 16. Nxd4 Nxd4 17. Bxd4 Bd6 18. Bc5 Qe7 19. Bxd6 Rxd6 20. Rxd6 Qxd6 21. Rd1 Qe7 22. Qe4 c6 23. h4 Re8 24. Bh5 Bd5 25. Qf5 Qe4 26. Qxe4 Rxe4 27. Bf3 Rxh4 28.
Bxd5+ cxd5 29. Rxd5 Rc4 30. Rd7 b5 31. Rd6 a5 32.
bxa5 Ra4 33. a6 Rxa3 34. Rb6 b4 35. g4 b3 36. Kg2 b2 37. Kg3 Rxa6 38. Rxb2 Ra4 39.
Rb7 Re4 40. Kf3 Rc4 41. e4 Kh7 42. Kf4 Kg6 43. f3 Ra4 44. Rc7 Rb4 45. Re7 Ra4 46. Kg3 Ra3 47. Rb7 Rc3 48. Rb6 Ra3 49. e5 Kf7 50. Rb7+ Kg6 51. e6 Re3 52. e7 Kf7 53.
e8=Q+ Kxe8 54. Rxg7 Kf8 55. Rh7 Kg8 56. Rxh6 Kg7 57.
Rh5 Kg6 58. Rh8 Re1 59. Rg8+ Kf7 60. Ra8 Rb1 61. f4 Rg1+ 62. Kf3 Rf1+ 63. Ke4 Rb1 64. Ra7+ Ke6 65. f5+ Kd6 66. Rf7 1-0

[Event "*** SCC Grand Prix: Titled Tuesday Blitz"]
[Site "Chess.com"]
[Date "2020.08.04"]
[Round "6"]
[White "Lagmantr"]
[Black "RaphCamora"]
[Result "0-1"]
[WhiteElo "2628"]
[BlackElo "2453"]
[TimeControl "180+1"]
[EndTime "14:51:29 PDT"]
[Termination "RaphCamora won by checkmate"]

1. e4 c5 2. Nf3 Nc6 3. Bb5 g6 4. O-O Bg7 5. Re1 e5 6. c3 Nge7 7. d4 cxd4 8. cxd4 exd4 9. Bg5 O-O 10. e5 a6 11. Bc4 Qb6 12. Nbd2 Nf5 13. Ne4 Qxb2 14. Nf6+ Kh8 15. Rb1 Qa3 16. g4 Nfe7 17. Bc1 Qc5 18. Qd3 d5 19. Bb3 Qc3 20. Qd1 Be6 21. Bb2 Qc5 22. Nxd4 Nxd4 23. Bxd4 Qa5 24. Qf3 Nc6 25. Qh3 h5 26. gxh5 Bxh3 27. Ba1 Qd2 28. Re3 Bf5 29. Rg3 g5 30. Rf1 Qf4 31. h6 Bxf6 32. e6 Bxa1 33. Rxa1 fxe6 34. Rf1 Bg6 35. Bd1 Nd4 36. Bg4 Nf5 37. Bxf5 Bxf5 38. Re3 Be4 39. Rg3 Rf6 40. f3 Rxh6 41. fxe4 Qxe4 42.
Rgf3 Qd4+ 43. R1f2 Rg8 44. Kg2 Rh4 45. Rf7 Rg4+ 46.
Kh3 Rh4+ 47. Kg2 Qg4+ 48. Kf1 Qd1+ 49. Kg2 Rg7 50. Rf8+ Kh7 51. Rd8 Rg4+ 52. Kh3 Kg6 53. Rh8 Rh7+ 54. Rxh7 Kxh7 55. Rf7+ Kg6 56. Re7 Qf3# 0-1